 Dungeon Crawl Stone Soup version 0.22.1-5-g62c59d919a (webtiles) character file.

17228 Forgol the Grappler (level 12, 0/121 (122) HPs)
             Began as a Troll Berserker on Jan 15, 2019.
             Was an Elder of Trog.
             Slain by a centaur (4 damage)
             ... on level 10 of the Dungeon.
             The game lasted 00:54:07 (11631 turns).

Forgol the Grappler (Troll Berserker)              Turns: 11631, Time: 00:54:07

HP:   0/121 (122)   AC:  6    Str: 32    XL:     12   Next: 17%
MP:   3/3           EV: 13    Int:  3    God:    Trog [****..]
Gold: 1765          SH:  0    Dex:  9    Spells: 11/11 levels left

rFire    . . .     SeeInvis .   I - +4 morningstar (antimagic)
rCold    . . .     Gourm    +   (no shield)
rNeg     . . .     Faith    .   H - +1 troll leather armour
rPois    .         Spirit   .   B - +2 hat
rElec    .         Reflect  .   (no cloak)
rCorr    .         Harm     .   (gloves unavailable)
MR       ++...                  (boots unavailable)
Stlth    +.........             (no amulet)
HPRegen  2.10/turn              (no ring)
MPRegen  0.08/turn              (no ring)

@: about to teleport, corroded, berserk cooldown, regenerating, slowed, very
slow
A: large, unfitting armour, claws 3, fast metabolism 3, gourmand, regeneration
1, shaggy fur 1, tough skin 2
a: Berserk, Trog's Hand, Brothers in Arms, Renounce Religion


You were on level 10 of the Dungeon.
You worshipped Trog.
Trog was greatly pleased with you.
You were not hungry.

You visited 3 branches of the dungeon, and saw 14 of its levels.
You also visited: Sewer.

You collected 1765 gold pieces.

Inventory:

Hand Weapons
 C - a +0 dire flail
 I - a +4 antimagic morningstar (weapon)
 K - a +0 giant spiked club
Armour
 a - a +1 animal skin
 B - a +2 hat (worn)
 H - a +1 troll leather armour (worn)
Jewellery
 k - an uncursed amulet of magic regeneration
Wands
 f - a wand of flame (23)
 s - a wand of disintegration (35)
 v - a wand of enslavement (7)
 G - a wand of polymorph (7)
Scrolls
 c - 9 scrolls of remove curse
 e - 4 scrolls of enchant weapon
 g - 9 scrolls of identify
 i - 4 scrolls of teleportation
 m - 3 scrolls of fog
 p - 2 scrolls of amnesia
 q - 2 scrolls of random uselessness
 u - a scroll of holy word {unknown}
 F - a scroll of summoning {unknown}
Potions
 d - 2 potions of agility
 h - 3 potions of haste
 j - 2 potions of curing
 l - a potion of mutation {unknown}
 n - 3 potions of flight
 o - a potion of magic
 r - 2 potions of resistance {unknown}
 t - a potion of ambrosia {unknown}
 w - 4 potions of might {unknown}
 x - a potion of invisibility {unknown}
 z - 12 potions of degeneration
 A - 3 potions of lignification {unknown}
 D - a potion of berserk rage {unknown}
 J - a potion of heal wounds {unknown}
Comestibles
 b - 30 rations


   Skills:
 + Level 8.4 Fighting
 * Level 9.2 Maces & Flails
 + Level 8.4 Dodging
 - Level 11.5 Unarmed Combat


You had 11 spell levels left.
You didn't know any spells.
Your spell library was empty.

Dungeon Overview and Level Annotations

Branches:
Dungeon (11/15)            Temple (0/1) D:6            Lair (1/6) D:8
    Orc (2/2) D:9             Elf (0/3) Orc:2

Altars:
Elyvilon
Fedhas
Gozag
Hepliaklqana
Kikubaaqudgha
Makhleb
Nemelex Xobeh
Ru
Trog
Uskayaw
Vehumet
Wu Jian
Yredelemnul
Zin
The Shining One

Shops:
Orc:1 !   Orc:2 *}([


Innate Abilities, Weirdness & Mutations

You are too large for most types of armour.
You have claws for hands.
Your metabolism is lightning-fast.
You like to eat raw meat.
Your natural rate of healing is unusually fast.
You are covered in fur. (AC +1)
You have very tough skin. (AC +2)


Message History

You hit the centaur.
The centaur is severely wounded.
The centaur hits you!
* * * LOW HITPOINT WARNING * * *
The centaur misses you. The centaur closely misses you.
The jelly hits you but does no damage. The centaur misses you.
The centaur hits you!
* * * LOW HITPOINT WARNING * * *
The centaur wields an uncursed shortbow.
The centaur shoots an arrow.
The arrow barely misses you. The jelly hits you but does no damage.
The centaur barely misses you.
The centaur shoots an arrow.
The arrow hits you.
* * * LOW HITPOINT WARNING * * *
The jelly hits you but does no damage. The centaur barely misses you.
Things that are here:
an enchanted flail; 14 arrows; a shortbow
As you read the scroll of teleportation, it crumbles to dust.
You feel strangely unstable.
The centaur shoots an arrow.
The arrow hits you but does no damage. The centaur hits you.
You die...

#...###.####'###.....
#..........#...#.....
#..........#...#.....
#..........#...#.....
#..........'...#.....
#..........#...#.....
#..######.###..#.....
#..######.###..#.....
#...@>..#......#.....
#...Jcc.#......#.....
#'###########.##.....
#..##########.#......
#.............#......
#.............'......
#........##...#......
#..####..######......
#..####..##...#......


You could see 2 centaurs and a jelly.

Vanquished Creatures
  2 two-headed ogres
  2 skeletal warriors
  4 orc knights (Orc:2)
  An elephant (D:8)
  A spiny frog (Lair:1)
  A gargoyle (D:10)
  A troll (D:9)
  3 hippogriffs
  A basilisk (D:8)
  5 yaks
  A human (D:8)
  A warg (Orc:2)
  Duvessa (D:4)
  Purgy (Sewer)
  4 ice beasts
  A swamp drake (D:9)
  3 sky beasts
  28 orc warriors
  2 necrophages
  6 ogres
  3 phantoms
  17 centaurs
  4 crocodiles
  8 bullfrogs
  2 scorpions
  Dowan (D:4)
  5 killer bees (D:9)
  6 wights (D:7)
  A centaur zombie (D:10)
  A crimson imp (D:7)
  17 orc wizards
  A bullfrog zombie (D:7)
  5 hounds
  3 jellies
  A quasit (D:10)
  A bullfrog skeleton (D:5)
  A centaur skeleton (D:4)
  A gnoll shaman (D:5)
  10 orc priests
  Terence (D:2)
  6 iguanas
  Ijyb (D:4)
  14 worker ants
  A killer bee zombie (D:5)
  Robin (D:3)
  11 gnolls
  15 adders
  2 shadow imps
  An adder skeleton (D:3)
  4 worms
  2 dart slugs
  3 leopard geckos
  90 orcs
  A ball python (D:6)
  3 bats
  7 giant cockroaches
  14 goblins
  15 hobgoblins
  2 jackals (D:2)
  14 kobolds
  5 quokkas
  4 frilled lizards
  A leopard gecko skeleton (D:5)
  A quokka skeleton (D:3)
  7 rats
383 creatures vanquished.

Vanquished Creatures (collateral kills)
  2 skeletal warriors (D:10)
  An ogre (D:10)
  A phantom (D:10)
  A centaur (Orc:2)
  A scorpion (D:10)
6 creatures vanquished.

Vanquished Creatures (others)
  A black bear (D:11)
1 creature vanquished.

Grand Total: 390 creatures vanquished

Notes
Turn   | Place    | Note
-------+----------+-------------------------------------------
     0 | D:1      | Forgol the Troll Berserker began the quest for the Orb.
     0 | D:1      | Reached XP level 1. HP: 22/22 MP: 0/0
   111 | D:1      | Reached XP level 2. HP: 20/29 MP: 1/1
   275 | D:1      | Reached skill level 4 in Unarmed Combat
   516 | D:1      | Reached ** piety under Trog
   654 | D:2      | Found a hide-covered altar of Uskayaw.
   672 | D:2      | Noticed a dagger
   672 | D:2      | Noticed a hand axe
   684 | D:2      | Reached XP level 3. HP: 36/36 MP: 2/2
   727 | D:2      | Noticed Terence
   738 | D:2      | Killed Terence
   740 | D:2      | Reached XP level 4. HP: 32/44 MP: 3/3
  1358 | D:3      | Reached skill level 5 in Unarmed Combat
  1360 | D:3      | Reached XP level 5. HP: 52/52 MP: 4/4
  1639 | D:3      | Noticed Robin
  1652 | D:3      | Reached *** piety under Trog
  1669 | D:3      | Killed Robin
  2155 | D:4      | Found a sacrificial altar of Ru.
  2167 | D:4      | Noticed Dowan
  2169 | D:4      | Noticed Duvessa
  2174 | D:4      | Killed Duvessa
  2174 | D:4      | Reached XP level 6. HP: 61/61 MP: 5/5
  2188 | D:4      | Killed Dowan
  2378 | D:4      | Noticed Ijyb
  2387 | D:4      | Killed Ijyb
  2387 | D:4      | Reached skill level 6 in Unarmed Combat
  2420 | D:4      | Found a sparkling altar of Nemelex Xobeh.
  2593 | D:4      | Found a hazy altar of Hepliaklqana.
  2945 | D:5      | Entered Level 5 of the Dungeon
  2953 | D:5      | Reached XP level 7. HP: 63/68 MP: 6/6
  2960 | D:5      | Noticed a hippogriff
  2967 | D:5      | Killed a hippogriff
  2967 | D:5      | Reached skill level 7 in Unarmed Combat
  3184 | D:5      | Reached XP level 8. HP: 79/79 MP: 7/7
  3501 | D:5      | Found a glowing silver altar of Zin.
  3530 | D:5      | Reached skill level 8 in Unarmed Combat
  3535 | D:5      | Found a glowing drain.
  3563 | Sewer    | Entered a sewer
  3606 | Sewer    | Noticed Purgy
  3611 | Sewer    | Killed Purgy
  3611 | Sewer    | Reached **** piety under Trog
  3875 | D:6      | Reached skill level 5 in Fighting
  3875 | D:6      | Reached skill level 5 in Dodging
  3948 | D:6      | Found a staircase to the Ecumenical Temple.
  4038 | D:6      | Reached skill level 9 in Unarmed Combat
  4164 | D:6      | Reached skill level 1 in Maces & Flails
  4164 | D:6      | Reached XP level 9. HP: 26/88 MP: 8/8
  4973 | D:7      | Found a burning altar of Makhleb.
  4973 | D:7      | Found a basalt altar of Yredelemnul.
  4973 | D:7      | Found an ornate altar of the Wu Jian Council.
  4975 | D:7      | Found a sparkling altar of Nemelex Xobeh.
  4979 | D:7      | Found an ancient bone altar of Kikubaaqudgha.
  4983 | D:7      | Found a bloodstained altar of Trog.
  5513 | D:7      | Reached skill level 5 in Maces & Flails
  6304 | D:8      | Found a staircase to the Lair.
  6304 | D:8      | Noticed an elephant
  6314 | D:8      | Killed an elephant
  6314 | D:8      | Reached skill level 10 in Unarmed Combat
  6314 | D:8      | Reached XP level 10. HP: 78/98 MP: 9/9
  6361 | D:8      | Noticed a two-headed ogre
  6364 | D:8      | Found a glowing golden altar of the Shining One.
  6370 | D:8      | Killed a two-headed ogre
  6508 | D:9      | Reached ***** piety under Trog
  6515 | D:9      | Found a staircase to the Orcish Mines.
  7139 | D:9      | Found a blossoming altar of Fedhas.
  7316 | D:9      | Reached skill level 11 in Unarmed Combat
  7477 | D:9      | Found an opulent altar of Gozag.
  7594 | D:9      | Found a white marble altar of Elyvilon.
  7659 | D:10     | Entered Level 10 of the Dungeon
  7829 | D:10     | Received a gift from Trog
  8057 | D:10     | Reached XP level 11. HP: 88/108 MP: 10/10
  8076 | D:10     | Noticed a skeletal warrior
  8077 | D:10     | Noticed a skeletal warrior
  8128 | D:10     | Killed a skeletal warrior
  8162 | D:9      | Killed a skeletal warrior
  8302 | D:10     | Noticed a two-headed ogre
  8311 | D:10     | Killed a two-headed ogre
  8559 | D:10     | Noticed a skeletal warrior
  8560 | D:10     | Noticed a skeletal warrior
  8563 | D:10     | Killed a skeletal warrior
  8567 | D:10     | Killed a skeletal warrior
  8810 | Lair:1   | Entered Level 1 of the Lair of Beasts
  9171 | Orc:1    | Entered Level 1 of the Orcish Mines
  9297 | Orc:2    | Entered Level 2 of the Orcish Mines
  9313 | Orc:2    | Found a burning altar of Makhleb.
  9545 | Orc:1    | Found Pifam's Distillery.
  9958 | Orc:2    | Found a staircase to the Elven Halls.
 10083 | Orc:2    | HP: 3/110 [orc warrior/bolt (21)]
 10342 | Orc:2    | Noticed an orc knight
 10354 | Orc:2    | Noticed an orc knight
 10362 | Orc:2    | Killed an orc knight
 10368 | Orc:2    | HP: 3/110 [orc warrior/bolt (9)]
 10656 | Orc:2    | Noticed an orc knight
 10674 | Orc:2    | Killed an orc knight
 10812 | Orc:2    | Killed an orc knight
 10833 | Orc:2    | Reached XP level 12. HP: 92/119 MP: 11/11
 11032 | Orc:2    | Found a radiant altar of Vehumet.
 11060 | Orc:2    | HP: 6/121 [orc warrior/glaive[an orc knight] (25)]
 11065 | Orc:2    | HP: 5/121 [poisoned by an orc warrior]
 11399 | Orc:2    | Found Taricsic's Gadget Shop.
 11399 | Orc:2    | Found Ysamn's Weapon Shoppe.
 11401 | Orc:2    | Found Latuj's Armour Emporium.
 11403 | Orc:2    | Found Kanun's General Store.
 11630 | D:10     | HP: 6/121 [centaur (9)]
 11630 | D:10     | HP: 1/121 [centaur/arrow (5)]
 11631 | D:10     | Slain by a centaur

Skill      XL: |  1  2  3  4  5  6  7  8  9 10 11 12 |
---------------+-------------------------------------+-----
Unarmed Combat | 4 5 6 7 9 10 11 | 11.5
Dodging        | 3 4 5 7 8 |  8.4
Fighting       | 3 4 5 7 8 |  8.4
Maces & Flails | 1 5 8 9 |  9.2

Action                   |  1- 3 |  4- 6 |  7- 9 | 10-12 || total
-------------------------+-------+-------+-------+-------++-------
Melee: Unarmed           |    75 |   133 |   209 |   550 ||   967
       Punch             |       |     4 |    13 |    31 ||    48
       Giant club        |       |       |    98 |       ||    98
       Morningstar       |       |       |       |    34 ||    34
Invok: Berserk           |       |     4 |     6 |    19 ||    29
       Trog's Hand       |       |     1 |     4 |    15 ||    20
       Brothers in Arms  |       |       |       |     2 ||     2
  Use: Scroll            |       |    13 |     1 |     5 ||    19
 Stab: Sleeping          |       |     1 |     2 |       ||     3
       Confused          |       |       |       |     1 ||     1
  Eat: Chunk             |    12 |    17 |    47 |    67 ||   143
Armor: Animal skin       |    16 |    41 |    97 |    58 ||   212
       Troll leather arm |       |       |       |   187 ||   187
Dodge: Dodged            |    37 |    70 |   188 |   437 ||   732
